 Dungeon Crawl Stone Soup version 0.18.1-8-gdd0e5ea (console) character file.

7013 Kloppie the Fighter (level 10, -12/94 HPs)
             Began as a Red Draconian Gladiator on June 7, 2016.
             Was an Elder of Okawaru.
             Mangled by a 19-headed hydra (14 damage)
             ... on level 1 of the Lair of Beasts.
             The game lasted 00:19:35 (10218 turns).

Kloppie the Fighter (Red Draconian Gladiator)      Turns: 10218, Time: 00:19:35

Health: -12/94     AC: 12    Str: 18    XL:     10   Next: 82%
Magic:  10/10      EV: 17    Int: 10    God:    Okawaru [****..]
Gold:   412        SH:  0    Dex: 13    Spells: 1 memorised, 7 levels left

rFire  + + .     SeeInvis +     a - +1 war axe (venom)
rCold  . . .     Gourm    .     (armour unavailable)
rNeg   . . .     Faith    .     (no shield)
rPois  .         Spirit   .     b - +1 hat
rElec  .         Dismiss  .     (no cloak)
rCorr  .         Reflect  .     I - +0 pair of gloves
SustAt .         Harm     .     O - +2 pair of boots {Stlth+}
MR     .....                    (no amulet)
Stlth  ++........               L - ring of protection from fire
                                B - ring of see invisible

@: repel missiles, not resistant to hostile enchantments, unstealthy
A: breathe fire, unfitting armour, fire resistance 1, cold-blooded, AC +7
a: Breathe Fire, Heroism, Renounce Religion


You were on level 1 of the Lair of Beasts.
You worshipped Okawaru.
Okawaru was greatly pleased with you.
You were not hungry.

You visited 3 branches of the dungeon, and saw 13 of its levels.
You also visited: Sewer.

You collected 691 gold pieces.
You spent 279 gold pieces at shops.

Inventory:

Hand Weapons
 a - a +1 war axe of venom (weapon)
Missiles
 c - 3 throwing nets (quivered)
Armour
 b - a +1 hat (worn)
 I - a +0 pair of gloves (worn)
 O - a +2 pair of boots of stealth (worn)
Jewellery
 k - an uncursed ring of sustain attributes
 x - an uncursed ring of teleportation
 B - a ring of see invisible (left hand)
 L - a ring of protection from fire (right hand)
 P - an uncursed ring of magical power
Wands
 t - a wand of paralysis (17/24)
 D - a wand of acid (4/15)
 N - a wand of teleportation (4/9)
Scrolls
 e - 2 scrolls of amnesia
 h - 2 scrolls of enchant weapon
 i - 8 scrolls of teleportation
 l - 2 scrolls of blinking
 n - a scroll of recharging
 r - a scroll of enchant armour
 y - 3 scrolls of summoning
 E - 2 scrolls of noise
 F - a scroll of fog
 K - a scroll of remove curse
 Q - 2 scrolls of identify
Potions
 g - 2 potions of agility
 m - 4 potions of mutation
 o - 2 potions of curing
 p - 5 potions of heal wounds {unknown}
 q - a potion of cure mutation
 u - 2 potions of might {unknown}
 A - a potion of lignification
 G - 2 potions of flight {unknown}
Books
 v - a book of Air

   Spells                             Type                      Level
   a - Shock                          Conjuration/Air              1
   b - Swiftness                      Charms/Air                   2
   c - Repel Missiles                 Charms/Air                   2
   d - Static Discharge               Conjuration/Air              3
   e - Lightning Bolt                 Conjuration/Air              5
 C - a Fen Folio

   Spells                             Type                      Level
   a - Corpse Rot                     Necromancy                   2
   b - Stone Arrow                    Conjuration/Earth            3
   c - Leda's Liquefaction            Hexes/Earth                  4
   d - Summon Forest                  Summoning/Translocation      5
   e - Hydra Form                     Transmutation                6
   f - Summon Hydra                   Summoning                    7
 H - a book of Fire

   Spells                             Type                      Level
   a - Ignite Poison                  Fire/Transmutation/Poison    3
   b - Fireball                       Conjuration/Fire             5
   c - Bolt of Fire                   Conjuration/Fire             6
   d - Delayed Fireball               Conjuration/Fire             7
   e - Ring of Flames                 Charms/Fire                  7
 J - a book of Geomancy

   Spells                             Type                      Level
   a - Sandblast                      Earth                        1
   b - Passwall                       Transmutation/Earth          2
   c - Stone Arrow                    Conjuration/Earth            3
   d - Petrify                        Transmutation/Earth          4
   e - Lee's Rapid Deconstruction     Earth                        5
 M - a book of Annihilations

   Spells                             Type                      Level
   a - Poison Arrow                   Conjuration/Poison           6
   b - Chain Lightning                Conjuration/Air              8
   c - Lehudib's Crystal Spear        Conjuration/Earth            8
   d - Glaciate                       Conjuration/Ice              9
   e - Fire Storm                     Conjuration/Fire             9
Comestibles
 d - 9 bread rations
 f - 8 beef jerkies
 j - a royal jelly
 s - 9 fruits
 w - 5 meat rations


   Skills:
 - Level 10.4 Fighting
 + Level 10.1 Axes
 - Level 1.7 Throwing
 - Level 8.9 Dodging
 + Level 2.7 Charms
 + Level 1.9 Air Magic


You had 7 spell levels left.
You knew the following spells:

 Your Spells              Type           Power        Failure   Level  Hunger
a - Repel Missiles        Chrm/Air       #.....       24%         2    ###....


Dungeon Overview and Level Annotations

Branches:
Dungeon (11/15)            Temple (1/1) D:6            Lair (1/8) D:11
    Orc (0/2) D:10

Altars:
Ashenzari
Cheibriados
Dithmenos
Elyvilon
Fedhas
Gozag
Makhleb
Nemelex Xobeh
Okawaru
Pakellas
Qazlal
Ru
Sif Muna
Trog
Vehumet
Xom
Yredelemnul
Zin
The Shining One

Shops:
D:10 [(

Annotations:
D:3 Dickchan's ghost, amateur NaTm


Innate Abilities, Weirdness & Mutations

You can breathe blasts of fire.
Your fiery red scales are hard (AC +7).
Your body does not fit into most forms of armour.
Your flesh is heat resistant.
You are cold-blooded and may be slowed by cold attacks.


Message History

The 19-headed hydra is no longer paralysed.
The 19-headed hydra misses you. The 19-headed hydra bites you!
The 19-headed hydra misses you. x2
The 19-headed hydra completely misses you.
The 19-headed hydra bites you but does no damage.
The 19-headed hydra completely misses you.
The 19-headed hydra bites you but does no damage.
The 19-headed hydra bites you. The 19-headed hydra misses you.
The 19-headed hydra closely misses you. The 19-headed hydra bites you!
* * * LOW HITPOINT WARNING * * *
The 19-headed hydra bites you!
* * * LOW HITPOINT WARNING * * *
The 19-headed hydra bites you!
* * * LOW HITPOINT WARNING * * *
The 19-headed hydra bites you.
* * * LOW HITPOINT WARNING * * *
The 19-headed hydra barely misses you. The 19-headed hydra bites you.
* * * LOW HITPOINT WARNING * * *
The 19-headed hydra barely misses you. The 19-headed hydra bites you!
You die...

...........
#....%....
........#
#.......##
#........#
#.......#
#.......#
#...D...#
##...@...######
.........<.......
.................
.................
.................
.................
#...............#
##..............#
.#..#........##


You could see a 19-headed hydra.

Vanquished Creatures
  2 hill giants
  2 trolls
  A wyvern (D:8)
  A hungry ghost (D:9)
  A hippogriff (D:8)
  Menkaure (D:6)
  A soldier ant (D:10)
  5 orc warriors
  4 ice beasts
  2 sky beasts (D:7)
  3 black bears
  5 ogres
  An eye of draining (D:8)
  A phantom (D:7)
  2 necrophages
  5 centaurs
  4 big kobolds
  Blork the orc (D:6)
  9 giant frogs
  A gnoll sergeant (D:10)
  A wyvern zombie (D:8)
  2 scorpions
  5 wights (D:9)
  A howler monkey (D:6)
  6 crimson imps
  7 hounds
  4 orc priests
  2 jellies
  5 orc wizards
  2 giant frog skeletons
  An iguana (D:6)
  3 worker ants
  3 hound skeletons
  A howler monkey skeleton (D:6)
  12 adders
  9 gnolls
  2 river rats
  3 oozes
  2 worms (Sewer)
  An adder skeleton (D:5)
  4 dart slugs
  10 giant geckos
  20 orcs
  6 giant cockroaches
  8 hobgoblins
  11 jackals
  13 kobolds
  6 quokkas
  6 ball pythons
  4 bats (D:2)
  A giant gecko skeleton (D:4)
  3 giant newts
  8 goblins
  A jackal skeleton (D:4)
  A quokka skeleton (D:4)
  14 rats
  2 plants (D:11)
242 creatures vanquished.

Vanquished Creatures (others)
  An iguana (D:4)
  A worker ant (D:4)
  A quokka (D:4)
  A ball python (D:4)
4 creatures vanquished.

Grand Total: 246 creatures vanquished

Notes
Turn   | Place    | Note
--------------------------------------------------------------
     0 | D:1      | Kloppie the Draconian Gladiator began the quest for the Orb.
     0 | D:1      | Reached XP level 1. HP: 17/17 MP: 1/1
   237 | D:1      | Reached XP level 2. HP: 24/25 MP: 2/2
   646 | D:2      | Reached XP level 3. HP: 18/31 MP: 3/3
  1669 | D:2      | Reached XP level 4. HP: 38/38 MP: 4/4
  1919 | D:3      | Noticed a giant frog
  1934 | D:3      | Killed a giant frog
  1934 | D:3      | Reached XP level 5. HP: 21/46 MP: 5/5
  2132 | D:3      | Noticed Dickchan's ghost (amateur NaTm)
  2261 | D:3      | Found a basalt altar of Yredelemnul.
  2361 | D:4      | Found a shimmering altar of Xom.
  2457 | D:4      | Found a stormy altar of Qazlal.
  2461 | D:4      | Noticed an ogre
  2471 | D:4      | Killed an ogre
  2471 | D:4      | Reached XP level 6. HP: 53/53 MP: 6/6
  2558 | D:4      | Found a burning altar of Makhleb.
  2687 | D:4      | Found a glowing drain.
  2708 | Sewer    | Entered a sewer
  3172 | Sewer    | Reached skill level 5 in Fighting
  3172 | Sewer    | Reached skill level 5 in Axes
  3181 | Sewer    | Your scales start taking on a fiery red colour.
  3181 | Sewer    | Reached XP level 7. HP: 48/61 MP: 7/7
  3181 | Sewer    | Gained mutation: Your flesh is heat resistant. [Red Draconian growth]
  3479 | D:5      | Entered Level 5 of the Dungeon
  3492 | D:4      | Reached skill level 5 in Dodging
  4746 | D:6      | Reached XP level 8. HP: 70/70 MP: 8/8
  4775 | D:6      | Found a staircase to the Ecumenical Temple.
  4780 | Temple   | Entered the Ecumenical Temple
  4985 | Temple   | Became a worshipper of Warmaster Okawaru
  5252 | D:6      | Noticed Menkaure
  5258 | D:6      | Killed Menkaure
  5658 | D:6      | Noticed Blork the orc
  5664 | D:6      | Killed Blork the orc
  5772 | D:7      | Reached * piety under Okawaru
  6033 | D:7      | Found a blossoming altar of Fedhas.
  6132 | D:7      | Reached XP level 9. HP: 52/81 MP: 9/9
  6240 | D:7      | Noticed a troll
  6252 | D:7      | Killed a troll
  6252 | D:7      | Reached ** piety under Okawaru
  7403 | D:8      | Reached *** piety under Okawaru
  7409 | D:8      | Found an oddly glowing altar of Pakellas.
  7690 | D:9      | Reached XP level 10. HP: 91/91 MP: 10/10
  7891 | D:9      | Found an opulent altar of Gozag.
  7891 | D:9      | Found a snail-covered altar of Cheibriados.
  8213 | D:9      | HP: 1/92 [centaur/arrow (8)]
  8586 | D:10     | Entered Level 10 of the Dungeon
  8689 | D:10     | Learned a level 2 spell: Repel Missiles
  8770 | D:10     | Found Jirphoz's Armour Shop.
  8772 | D:10     | Found a staircase to the Orcish Mines.
  8780 | D:10     | Reached **** piety under Okawaru
  8790 | D:10     | Found Gitorof's Weapon Shop.
  8896 | D:10     | Bought a +2 pair of boots of stealth for 279 gold pieces
  8910 | D:10     | Noticed a hill giant
  8960 | D:10     | Killed a hill giant
  8960 | D:10     | Reached skill level 10 in Fighting
  9212 | D:10     | Received a gift from Okawaru
  9252 | D:10     | Reached skill level 1 in Charms
  9523 | D:10     | Found an iron altar of Okawaru.
  9599 | D:11     | Noticed a hill giant
  9612 | D:11     | Killed a hill giant
  9612 | D:11     | Reached skill level 10 in Axes
  9612 | D:11     | Reached skill level 1 in Air Magic
  9624 | D:11     | Noticed a skeletal warrior
  9629 | D:11     | Noticed a skeletal warrior
  9631 | D:11     | Noticed a skeletal warrior
 10181 | D:11     | Found a staircase to the Lair.
 10198 | Lair:1   | Entered Level 1 of the Lair of Beasts
 10198 | Lair:1   | Noticed an eight-headed hydra
 10218 | Lair:1   | HP: 2/94 [19-headed hydra (6)]
 10218 | Lair:1   | Mangled by a 19-headed hydra

Skill      XL: |  1  2  3  4  5  6  7  8  9 10 |
---------------+-------------------------------+-----
Fighting       | 3 4 5 6 7 9 10 | 10.4
Dodging        | 3 4 5 6 8 |  8.9
Axes           | 4 5 6 7 8 10 | 10.1
Charms         | 2 |  2.7
Air Magic      | 1 |  1.9
Throwing       | |  1.7

Action                   |  1- 3 |  4- 6 |  7- 9 | 10-12 || total
-------------------------+-------+-------+-------+-------++-------
Melee: War axe           |   111 |   230 |   342 |   237 ||   920
       Tailslap          |    10 |    21 |    44 |    44 ||   119
Throw: Throwing net      |       |     2 |     1 |       ||     3
 Cast: Repel Missiles    |       |       |       |     1 ||     1
 Abil: Breathe Fire      |       |       |     1 |     1 ||     2
Evoke: Wand              |       |       |       |     7 ||     7
  Use: Scroll            |       |       |    20 |     3 ||    23
       Potion            |       |       |     2 |     2 ||     4
 Stab: Sleeping          |     3 |     1 |     2 |       ||     6
       Confused          |       |     1 |       |       ||     1
       Distracted        |       |       |     1 |       ||     1
       Paralysed         |       |       |       |    28 ||    28
  Eat: Chunk             |     2 |     6 |    14 |    10 ||    32
       Pizza             |       |       |     1 |       ||     1
       Royal jelly       |       |       |       |     1 ||     1
Armor: Skin              |    36 |    60 |    82 |    76 ||   254
Dodge: Dodged            |    88 |   176 |   285 |   222 ||   771
